 Dungeon Sprint DCSS version 0.26-a0-651-gb41185065b (webtiles) character file.

Game seed: 14501269990686501750

814 sahdkjhfkaj the Frost Mage (level 7, -5/87 HPs)
             Began as a Gnoll Ice Elementalist on Sept 30, 2020.
             Was a High Priest of Sif Muna.
             Slain by an ice devil (19 damage)
             ... in the Dungeon (Sprint VII: "The Pits").
             The game lasted 00:02:57 (1276 turns).

sahdkjhfkaj the Frost Mage (Gnoll Ice Elementalist) Turns: 1276, Time: 00:02:58

Health: -5/87      AC:  2    Str: 10    XL:     7   Next: 93%
Magic:  3/18       EV: 17    Int: 19    God:    Sif Muna [*****.]
Gold:   0          SH:  0    Dex: 16    Spells: 3/21 levels left

rFire    . . .     SeeInvis .   b - +2 long sword (holy)
rCold    . . .     Faith    .   (no shield)
rNeg     . . .     Spirit   .   a - +0 robe
rPois    .         Reflect  .   (no helmet)
rElec    .         Harm     .   (no cloak)
rCorr    .         Rampage  .   (no gloves)
MR       .....     NoTele   +   (no boots)
Stlth    ..........             (no amulet)
HPRegen  0.24/turn              (no ring)
MPRegen  0.16/turn              (no ring)

@: berserking (expiring), frozen ramparts, very quick
A: distributed training, fangs 1, strong nose
a: Channel Magic, Forget Spell, Divine Exegesis, Renounce Religion


You were in the Dungeon.
You worshipped Sif Muna.
Sif Muna was extremely pleased with you.
You visited 1 branch

Inventory:

Hand Weapons
 b - a +2 long sword of holy wrath (weapon)
Armour
 a - a +0 robe (worn)
Scrolls
 h - a scroll of blinking
 j - 3 scrolls of remove curse
 k - 5 scrolls of amnesia
 l - a scroll of summoning
 m - 2 scrolls of vulnerability
Potions
 c - 5 potions of curing
 d - 5 potions of heal wounds
 e - a potion of haste
 f - 4 potions of magic
 g - 2 potions of berserk rage
 i - 2 potions of invisibility


   Skills:
 + Level 6.0 Fighting
 + Level 6.0 Short Blades
 + Level 6.0 Long Blades
 + Level 6.0 Axes
 + Level 6.0 Maces & Flails
 + Level 6.0 Polearms
 + Level 6.0 Staves
 + Level 6.0 Slings
 + Level 6.0 Bows
 + Level 6.0 Crossbows
 + Level 6.0 Throwing
 + Level 6.0 Armour
 + Level 7.6 Dodging
 + Level 7.4 Stealth
 + Level 6.0 Shields
 + Level 6.0 Unarmed Combat
 + Level 7.9 Spellcasting
 + Level 5.0 Conjurations
 + Level 5.0 Hexes
 + Level 5.0 Summonings
 + Level 5.0 Necromancy
 + Level 5.0 Translocations
 + Level 5.0 Transmutations
 + Level 5.0 Fire Magic
 + Level 8.8 Ice Magic
 + Level 5.0 Air Magic
 + Level 5.0 Earth Magic
 + Level 5.0 Poison Magic
 + Level 6.6 Invocations
 + Level 6.0 Evocations


You had 3 spell levels left.
You knew the following spells:

 Your Spells              Type           Power        Failure   Level
a - Freeze                Ice            ####         1%          1
b - Frozen Ramparts       Ice            #####.       1%          3
e - Ozocubu's Refrigerat  Ice            #####.....   36%         6
h - Hailstorm             Conj/Ice       ####....     5%          4
i - Summon Ice Beast      Ice/Summ       ####....     5%          4

Your spell library contained the following spells:

 Spells                   Type           Power        Failure   Level
 Ozocubu's Armour         Ice            #####...     1%          3
 Ice Form                 Ice/Tmut       ####....     5%          4
 Eringya's Noxious Bog    Tmut/Pois      ####......   88%         6
 Absolute Zero            Ice            #####.....   100%        9


Dungeon Overview and Level Annotations

Branches:
Dungeon (1/1)

Altars:
Ashenzari
Cheibriados
Dithmenos
Elyvilon
Fedhas
Gozag
Hepliaklqana
Kikubaaqudgha
Makhleb
Nemelex Xobeh
Okawaru
Qazlal
Ru
Sif Muna
Trog
Uskayaw
Vehumet
Wu Jian
Xom
Yredelemnul
Zin
The Shining One
Beogh
Jiyva
Lugonu


Innate Abilities, Weirdness & Mutations

Your experience applies equally to all skills.
You have very sharp teeth.
Your uncanny sense of smell can sniff out nearby items.


Message History

You hit the ice devil.
The ice devil convulses.
The ice devil is moderately wounded.
The ice devil completely resists.
The wall freezes the ice devil but do no damage.
The ice devil hits you! The ice devil freezes you!!
* * * LOW HITPOINT WARNING * * *
Your ice beast hits the ice devil.
Your ice beast freezes the ice devil.
The ice devil completely resists.
Your ice beast barely misses the ice devil.
You hit the ice devil.
The ice devil convulses!
The ice devil is severely wounded.
Unknown command.
You hit the ice devil.
The ice devil convulses.
Your bite misses the ice devil.
The ice devil is almost dead.
The ice devil completely resists.
The wall freezes the ice devil but do no damage.
The ice devil hits you.
* * * LOW HITPOINT WARNING * * *
The ice devil freezes you!!
You die...

#.#..########...<...#
#)#..'.)))[##.......#
#)#..#.)))[##.......#
#'###########.......#
#.......#..##########
#..#.#..#(## ###
#.##.##.#.# )..#∆∆∆∆
#.......#)#))..#∆
#.##.##.#@4)...+∆
#..#.#..#Y#Y...#∆
#.......'.# ...#∆
########### ###


You could see an ice devil and 2 friendly ice beasts.

Vanquished Creatures
  2 wargs (D)
  A phantom (D)
  A hound (D)
  2 orc priests (D)
  2 iguanas (D)
  A worker ant (D)
  2 gnolls (D)
  2 river rats (D)
  An adder (D)
  A white imp (D)
  A leopard gecko (D)
  7 orcs (D)
  A bat (D)
  A giant cockroach (D)
  A hobgoblin (D)
  A kobold (D)
  A quokka (D)
28 creatures vanquished.

Vanquished Creatures (collateral kills)
  A komodo dragon (D)
1 creature vanquished.

Grand Total: 29 creatures vanquished

Notes
Turn   | Place    | Note
-------+----------+-------------------------------------------
     0 | D        | sahdkjhfkaj the Gnoll Ice Elementalist began the quest for
                  | the Orb.
     0 | D        | Reached XP level 1. HP: 13/13 MP: 6/6
    17 | D        | Reached skill level 1 in Fighting
    17 | D        | Reached skill level 1 in Short Blades
    17 | D        | Reached skill level 1 in Long Blades
    17 | D        | Reached skill level 1 in Axes
    17 | D        | Reached skill level 1 in Maces & Flails
    17 | D        | Reached skill level 1 in Polearms
    17 | D        | Reached skill level 1 in Staves
    17 | D        | Reached skill level 1 in Slings
    17 | D        | Reached skill level 1 in Bows
    17 | D        | Reached skill level 1 in Crossbows
    17 | D        | Reached skill level 1 in Throwing
    17 | D        | Reached skill level 1 in Armour
    17 | D        | Reached skill level 1 in Shields
    17 | D        | Reached skill level 1 in Unarmed Combat
    17 | D        | Reached skill level 5 in Spellcasting
    17 | D        | Reached skill level 1 in Conjurations
    17 | D        | Reached skill level 1 in Hexes
    17 | D        | Reached skill level 1 in Summonings
    17 | D        | Reached skill level 1 in Necromancy
    17 | D        | Reached skill level 1 in Translocations
    17 | D        | Reached skill level 1 in Transmutations
    17 | D        | Reached skill level 1 in Fire Magic
    17 | D        | Reached skill level 1 in Air Magic
    17 | D        | Reached skill level 1 in Earth Magic
    17 | D        | Reached skill level 1 in Poison Magic
    17 | D        | Reached skill level 1 in Invocations
    17 | D        | Reached skill level 1 in Evocations
    17 | D        | Reached XP level 2. HP: 12/21 MP: 5/8
   144 | D        | Found a bloodstained altar of Trog.
   144 | D        | Found a shimmering blue altar of Sif Muna.
   144 | D        | Found a viscous altar of Jiyva.
   144 | D        | Found a hazy altar of Hepliaklqana.
   144 | D        | Found an opulent altar of Gozag.
   145 | D        | Found a glowing golden altar of the Shining One.
   145 | D        | Found a glowing silver altar of Zin.
   145 | D        | Found a basalt altar of Yredelemnul.
   145 | D        | Found a shimmering altar of Xom.
   145 | D        | Found an ornate altar of the Wu Jian Council.
   145 | D        | Found a sacrificial altar of Ru.
   145 | D        | Found a stormy altar of Qazlal.
   145 | D        | Found an iron altar of Okawaru.
   145 | D        | Found a sparkling altar of Nemelex Xobeh.
   145 | D        | Found a burning altar of Makhleb.
   145 | D        | Found a blossoming altar of Fedhas.
   145 | D        | Found a white marble altar of Elyvilon.
   145 | D        | Found a shadowy altar of Dithmenos.
   145 | D        | Found a snail-covered altar of Cheibriados.
   146 | D        | Found a radiant altar of Vehumet.
   146 | D        | Found a corrupted altar of Lugonu.
   146 | D        | Found a roughly hewn altar of Beogh.
   147 | D        | Found an ancient bone altar of Kikubaaqudgha.
   147 | D        | Found a hide-covered altar of Uskayaw.
   147 | D        | Found a broken altar of Ashenzari.
   148 | D        | Became a worshipper of Sif Muna the Loreminder
   191 | D        | Reached XP level 3. HP: 10/27 MP: 4/9
   374 | D        | Learned a level 3 spell: Frozen Ramparts
   386 | D        | Reached * piety under Sif Muna
   386 | D        | Reached skill level 5 in Dodging
   425 | D        | Reached ** piety under Sif Muna
   429 | D        | Reached XP level 4. HP: 34/34 MP: 3/11
   643 | D        | Noticed a warg
   655 | D        | Reached skill level 5 in Stealth
   660 | D        | Killed a warg
   660 | D        | Reached *** piety under Sif Muna
   660 | D        | Reached XP level 5. HP: 42/42 MP: 8/13
   722 | D        | Reached XP level 6. HP: 38/48 MP: 6/15
   726 | D        | Reached **** piety under Sif Muna
   744 | D        | Reached skill level 8 in Ice Magic
   809 | D        | Noticed a phantom
   828 | D        | Killed a phantom
   828 | D        | Reached skill level 5 in Invocations
   941 | D        | Learned a level 4 spell: Summon Ice Beast
   946 | D        | Learned a level 4 spell: Hailstorm
   946 | D        | Noticed a warg
   952 | D        | Killed a warg
   952 | D        | Reached skill level 5 in Fighting
   952 | D        | Reached skill level 5 in Short Blades
   952 | D        | Reached skill level 5 in Long Blades
   952 | D        | Reached skill level 5 in Axes
   952 | D        | Reached skill level 5 in Maces & Flails
   952 | D        | Reached skill level 5 in Polearms
   952 | D        | Reached skill level 5 in Staves
   952 | D        | Reached skill level 5 in Slings
   952 | D        | Reached skill level 5 in Bows
   952 | D        | Reached skill level 5 in Crossbows
   952 | D        | Reached skill level 5 in Throwing
   952 | D        | Reached skill level 5 in Armour
   952 | D        | Reached skill level 5 in Shields
   952 | D        | Reached skill level 5 in Unarmed Combat
   952 | D        | Reached skill level 5 in Evocations
   952 | D        | Reached XP level 7. HP: 54/56 MP: 12/17
   983 | D        | Reached ***** piety under Sif Muna
   984 | D        | Identified Sif Muna's Incunabulum of Contamination and Ice
                  | (Sif Muna gifted it to you in the Dungeon)
   984 | D        | Received a gift from Sif Muna
   999 | D        | Learned a level 6 spell: Ozocubu's Refrigeration
  1266 | D        | Noticed an ice devil
  1266 | D        | Noticed a komodo dragon
  1271 | D        | Killed a komodo dragon
  1271 | D        | Reached skill level 5 in Conjurations
  1271 | D        | Reached skill level 5 in Hexes
  1271 | D        | Reached skill level 5 in Summonings
  1271 | D        | Reached skill level 5 in Necromancy
  1271 | D        | Reached skill level 5 in Translocations
  1271 | D        | Reached skill level 5 in Transmutations
  1271 | D        | Reached skill level 5 in Fire Magic
  1271 | D        | Reached skill level 5 in Air Magic
  1271 | D        | Reached skill level 5 in Earth Magic
  1271 | D        | Reached skill level 5 in Poison Magic
  1276 | D        | Slain by an ice devil

Illustrated notes

Levels and vault maps discovered:
D:        pitsprint [storerooms_1, entrance_room_1, metal_vault_6, armoury_1,
          mini_pit_1, grid_room_1, main_hall_1, silver_pit, the_coven_1,
          the_vestibule_1, steel_vault_1, golden_pit, hallway_of_sentries,
          crystal_vault_1, iron_vault_1, final_vault]

Skill      XL: |  1  2  3  4  5  6  7 |
---------------+----------------------+-----
Fighting       | 1 2 3 4 5 6 |  6.0
Short Blades   | 1 2 3 4 5 6 |  6.0
Long Blades    | 1 2 3 4 5 6 |  6.0
Axes           | 1 2 3 4 5 6 |  6.0
Maces & Flails | 1 2 3 4 5 6 |  6.0
Polearms       | 1 2 3 4 5 6 |  6.0
Staves         | 1 2 3 4 5 6 |  6.0
Slings         | 1 2 3 4 5 6 |  6.0
Bows           | 1 2 3 4 5 6 |  6.0
Crossbows      | 1 2 3 4 5 6 |  6.0
Throwing       | 1 2 3 4 5 6 |  6.0
Armour         | 1 2 3 4 5 6 |  6.0
Shields        | 1 2 3 4 5 6 |  6.0
Unarmed Combat | 1 2 3 4 5 6 |  6.0
Spellcasting   | 5 6 7 |  7.9
Conjurations   | 1 3 4 5 |  5.0
Hexes          | 1 3 4 5 |  5.0
Summonings     | 1 3 4 5 |  5.0
Necromancy     | 1 3 4 5 |  5.0
Translocations | 1 3 4 5 |  5.0
Transmutations | 1 3 4 5 |  5.0
Fire Magic     | 1 3 4 5 |  5.0
Air Magic      | 1 3 4 5 |  5.0
Earth Magic    | 1 3 4 5 |  5.0
Poison Magic   | 1 3 4 5 |  5.0
Invocations    | 1 2 4 5 6 |  6.6
Evocations     | 1 2 3 4 5 6 |  6.0
Dodging        | 5 6 7 |  7.6
Stealth        | 5 6 7 |  7.4
Ice Magic      | 8 |  8.8

Action                   |  1- 3 |  4- 6 |  7- 9 || total
-------------------------+-------+-------+-------++-------
Melee: Unarmed           |     1 |       |       ||     1
       Long sword        |       |     9 |     3 ||    12
       Bite              |       |     1 |       ||     1
 Cast: Freeze            |     6 |    10 |       ||    16
       Frozen Ramparts   |     2 |     7 |     2 ||    11
       Hailstorm         |       |       |     3 ||     3
       Summon Ice Beast  |       |       |     2 ||     2
  Use: Potion            |       |     2 |     1 ||     3
Dodge: Dodged            |     3 |    17 |     1 ||    21
       Rpst.: Long sword |       |     5 |       ||     5

Table legend: (Time is in decaauts)
 A = Elapsed time spent in this place.
 B = Non-inter-level travel time spent in this place.
 C = Inter-level travel time spent in this place.
 D = Time resting spent in this place.
 E = Time spent auto-exploring this place.
 F = Levels seen in this place.
 G = Mean time per level.
                   A        B        C        D        E       F      G
               +--------+--------+--------+--------+--------+-----+--------+
         Total |   1275 |   1254 |     21 |    937 |      0 |   1 | 1275.0 |
       Dungeon |   1275 |   1254 |     21 |    937 |      0 |   1 | 1275.0 |
               +--------+--------+--------+--------+--------+-----+--------+

Top non-repeatable levels by time:
       D: 1275 daAuts
